 Dungeon Crawl Stone Soup version 0.30.0-30-g96aa6591b8 (webtiles) character file.

Game seed: 17303896570904962433

30 Croix the Cudgeller (level 3, -5/29 HPs)
             Began as a Demonspawn Berserker on June 28, 2023.
             Was a Believer of Trog.
             Slain by Sigmund
             ... wielding a +0 scythe
              (9 damage)
             ... on level 2 of the Dungeon.
             The game lasted 00:08:37 (667 turns).

Croix the Cudgeller (Demonspawn Berserker)           Turns: 667, Time: 00:08:37

Health: -5/29      AC:  6    Str: 19    XL:     3   Next: 5%
Magic:  3/3        EV: 11    Int:  8    God:    Trog [**....]
Gold:   59         SH:  0    Dex: 12    Spells: 2/2 levels left

rFire   . . .        c - +2 dagger (flame)
rCold   . . .        (no shield)
rNeg    . . .        e - +0 leather armour
rPois   .            (no helmet)
rElec   .            (no cloak)
rCorr   .            (no gloves)
SInv    .            k - +0 pair of boots
Will    .....        (no amulet)
Stlth   +            (no ring)
HPRegen 0.24/turn    (no ring)
MPRegen 0.08/turn

%: no passive effects
@: no status effects
A: molten scales 1
a: Renounce Religion, Berserk, Trog's Hand


You were on level 2 of the Dungeon.
You worshipped Trog.
Trog was pleased with you.
You visited 1 branch of the dungeon, and saw 2 of its levels.

You collected 59 gold pieces.

Inventory:

Hand Weapons
 a - a +0 mace
 c - a +2 dagger of flaming (weapon)
 g - a +3 dagger
Armour
 b - a +0 animal skin
 e - a +0 leather armour (worn)
 k - a +0 pair of boots (worn)
Scrolls
 d - a scroll of enchant armour {unknown}
 f - a scroll of amnesia {unknown}
 h - a scroll of magic mapping {unknown}
Potions
 i - a potion of invisibility {unknown}
 j - a potion of flight {unknown}
 l - a potion of lignification {unknown}


   Skills:
 + Level 3.4 Fighting
 + Level 3.4 Maces & Flails
 + Level 1.8 Armour
 + Level 1.8 Dodging


You had 2 spell levels left.
You didn't know any spells.
Your spell library contained the following spells:

 Spells                   Type           Power      Damage    Failure   Level
 Magic Dart               Conj           0%         1d3       45%         1
 Call Imp                 Summ           0%         N/A       61%         2
 Mephitic Cloud           Conj/Pois/Air  0%         N/A       83%         3


Dungeon Overview and Level Annotations

Branches:
Dungeon (2/15)

Altars:

Shops:
D:2 (

Annotations:
D:2 Sigmund


Innate Abilities, Weirdness & Mutations

You are partially covered in molten scales. (AC +2)


Message History

Sigmund is moderately wounded.
Sigmund barely misses you. Sigmund gestures at you while chanting.
You are more confused.
Sigmund hits you but does no damage. Sigmund hits you but does no damage.
You hit Sigmund but do no damage.
Sigmund is moderately wounded.
You hit Sigmund. You burn Sigmund.
Sigmund is severely wounded.
Sigmund gestures at you while chanting.
You are more confused.
You closely miss Sigmund.
Sigmund is severely wounded.
Sigmund points at you and mumbles some strange words.
You resist with significant effort. Sigmund closely misses you.
You bump into the rock wall.
Sigmund gestures at you while chanting. The magic dart hits you!
Sigmund hits you with a +0 scythe. Sigmund gestures at you while chanting.
You resist with significant effort. Sigmund closely misses you.
Sigmund casts a spell at you. The puff of flame hits you!
* * * LOW HITPOINT WARNING * * *
Sigmund gestures wildly while chanting.
Sigmund flickers and vanishes!
Deactivating autopickup; reactivate with Ctrl-A.
Autopickup is now on.
You are too confused!
Something hits you.
* * * LOW HITPOINT WARNING * * *
Deactivating autopickup; reactivate with Ctrl-A.
You feel less confused. Something hits you.
* * * LOW HITPOINT WARNING * * *
You hit something. You burn something. Something hits you!
You die...

.# ########.# ##
.........# .
.........# # .
.........# #.#
.........# ..
.........#######
.........#.....#
.>......@......#
......=........#
###+####.......#
#.### #......##
#.... ########
##### #######


There were no monsters in sight!

Vanquished Creatures
  4 bats
  2 endoplasms
  2 giant cockroaches (D:1)
  4 goblins (D:1)
  3 hobgoblins (D:1)
  A kobold (D:1)
  2 quokkas (D:1)
  3 ball pythons (D:1)
  2 frilled lizards (D:1)
  3 rats (D:1)
26 creatures vanquished.

Notes
Turn   | Place    | Note
-------+----------+-------------------------------------------
     0 | D:1      | Croix the Demonspawn Berserker began the quest for the Orb.
     0 | D:1      | Reached XP level 1. HP: 18/18 MP: 1/1
   136 | D:1      | Gained mutation: You are partially covered in molten
                  | scales. (AC +2) [demonic ancestry]
   136 | D:1      | Reached XP level 2. HP: 17/24 MP: 2/2
   493 | D:2      | Found Puyck's Weapon Boutique.
   544 | D:2      | Reached XP level 3. HP: 29/29 MP: 3/3
   555 | D:2      | Reached ** piety under Trog
   636 | D:2      | Noticed Sigmund
   667 | D:2      | Slain by Sigmund

Illustrated notes

Levels and vault maps discovered:
D:1:      lightli_arrival_isolated_outpost, layout_basic, minivault_27
D:2:      layout_basic, serial_shops, nicolae_shop_peninsula, uniq_robin,
          uniq_sigmund, uniq_jessica

Skill      XL: |  1 |
---------------+----+-----
Maces & Flails | 3 |  3.4
Fighting       | |  3.4
Armour         | |  1.8
Dodging        | |  1.8

Action                     || total
---------------------------++-------
  Melee: Mace              ||    15
         Dagger            ||    71
 Armour: Animal skin       ||     2
         Leather armour    ||    29
  Dodge: Dodged            ||    51
